cohdb
Replays
Latest Replays
All Replays
Popular Replays
Top Player Replays
Match Explorer
How It Works
Community
CoH3 Stats
Reddit
Sign in to upload your games and track your stats! →
Sign in with Steam
Match 41642566
Unlisted
Match 41642566
Overview
Messages
Build Orders
End
Kettenkrad Recon Vehicle
Construct Infanterie Kompanie
Selects Terror Battlegroup
Selects Machine Gun Camouflage
MG 42 Machine Gun Team
MG 42 Machine Gun Team
Grenadier Squad
Grenadier Squad
Infanterie Officer Quarters
Construct Panzergrenadier Kompanie
251 Medium Carrier
Panzergrenadier Squad
Pioneer Squad
Pak 40 Anti-tank Gun Team
Construct Panzer Kompanie
Panzer IV Medium Tank
Pioneer Squad
Pioneer Squad
Panzer IV Medium Tank
Stoßtruppen Squad
Panzer Officer Quarters
StickyJuice
Templar Killer
Minboycrash_6464
新年辞旧喜洋洋
Exf
Gravey
Captain Canuck
Hasuu
0
0
Comments
sign in to comment!
No comments posted yet!